 Dungeon Crawl Stone Soup version 0.26.0-7-g794d0892b4 (webtiles) character file.

Game seed: 13099207939592747253

261 Descartes the Shield-Bearer (level 6, 0/47 HPs)
             Began as a Formicid Fighter on Jan 11, 2021.
             Succumbed to a killer bee's poison
             ... on level 3 of the Dungeon.
             The game lasted 00:05:34 (2741 turns).

Descartes the Shield-Bearer (Formicid Fighter)      Turns: 2741, Time: 00:05:34

Health: 0/47       AC: 15    Str: 23    XL:     6   Next: 41%
Magic:  7/7        EV:  7    Int:  9    God:
Gold:   177        SH: 11    Dex: 10    Spells: 4/7 levels left

rFire    . . .     SeeInvis +   d - +2 hand axe (freeze)
rCold    . . .     Faith    .   c - +0 kite shield
rNeg     . . .     Spirit   .   h - +0 chain mail
rPois    .         Reflect  .   (helmet unavailable)
rElec    +         Harm     .   z - +2 cloak
rCorr    .         Rampage  .   w - +2 pair of gloves
Will     .....                  (no boots)
Stlth    ..........             (no amulet)
HPRegen  0.15/turn              (no ring)
MPRegen  0.10/turn              (no ring)

@: lethally poisoned (0 -> -9), flying
A: permanent stasis, dig shafts and tunnels, four strong arms, antennae 3, low
mp 1, electricity resistance, strong 1, no potion heal 1
a: Dig, Shaft Self


You were on level 3 of the Dungeon.
You visited 1 branch of the dungeon, and saw 4 of its levels.

You collected 177 gold pieces.

Inventory:

Hand Weapons
 a - a +0 long sword
 d - a +2 hand axe of freezing (weapon)
Missiles
 e - 36 poisoned darts
 g - 47 stones
 m - 18 bolts
 r - 22 sling bullets
 s - 2 javelins
 u - 38 arrows
Armour
 b - a +0 scale mail
 c - a +0 kite shield (worn)
 h - a +0 chain mail (worn)
 w - a +2 pair of gloves (worn)
 z - a +2 cloak (worn)
Scrolls
 i - 2 scrolls of teleportation {unknown}
 j - 2 scrolls of blinking {unknown}
 k - a scroll of noise {unknown}
 l - 3 scrolls of identify {unknown}
 o - a scroll of fear {unknown}
 q - 2 scrolls of remove curse
 t - a scroll of enchant armour {unknown}
 x - 2 scrolls of immolation {unknown}
 y - a scroll of enchant weapon {unknown}
Potions
 f - a potion of flight


   Skills:
 - Level 3.2 Fighting
 - Level 2.0 Long Blades
 - Level 3.2 Armour
 + Level 7.3 Shields
 + Level 1.2 Spellcasting
 + Level 1.5 Hexes
 + Level 1.3 Fire Magic


You had 4 spell levels left.
You knew the following spells:

 Your Spells              Type           Power        Failure   Level
a - Inner Flame           Hex/Fire       3%           100%        3

Your spell library contained the following spells:

 Spells                   Type           Power        Failure   Level
 Corona                   Hex            3%           91%         1
 Slow                     Hex            3%           97%         2
 Portal Projectile        Hex/Tloc       2%           100%        3
 Cause Fear               Hex            1%           100%        4
 Leda's Liquefaction      Hex/Erth       0%           100%        4


Dungeon Overview and Level Annotations

Branches:
Dungeon (4/15)
 Temple: D:4-7

Altars:
Elyvilon

Shops:
D:4 [


Innate Abilities, Weirdness & Mutations

You cannot be hasted, slowed, berserked, paralysed or teleported.
You can dig through walls and to a lower floor.
Your four strong arms can wield two-handed weapons with a shield.
You have a pair of large antennae on your head. (SInv)
Your magical capacity is low. (-10% MP)
You are resistant to electric shocks. (rElec)
Your muscles are strong. (Str +2)
Potions are less effective at restoring your health.


Message History

You feel sick.
It was a potion of haste.
Your stasis prevents you from being hasted.
* * * LOW HITPOINT WARNING * * *
You feel sick.
You feel less invigorated.
You feel less confused.
* * * LOW HITPOINT WARNING * * *
You feel sick.
* * * LOW HITPOINT WARNING * * *
You feel sick.
* * * LOW HITPOINT WARNING * * *
You feel sick.
* * * LOW HITPOINT WARNING * * *
You feel sick.
* * * LOW HITPOINT WARNING * * *
You feel sick.
* * * LOW HITPOINT WARNING * * *
You feel sick.
You die...

#.#..#..#.###.....#.#...###..###.
.#.#...#.#.##.....#.##...######..
#############.....#.##....# #...
#........[[...# #...
#............######.. ###
##..........###..###. #≈#
#.#.......###....### #≈###
#####.#.#.....##......##
#≈≈≈###≈#...†@................
##≈≈#≈#≈##..###.......##...###
#≈#≈#≈≈≈≈#..# #.......##...#
#≈#≈#≈≈≈≈#..# ##########...#
#≈#≈≈###≈#### #...### #≈##≈#
#≈###############...... #≈##≈#
#≈≈##..........##..>... #≈##≈#
#≈≈≈#..........##......
#≈##≈###≈≈≈#..........##......


There were no monsters in sight!

Vanquished Creatures
  2 killer bees (D:3)
  A hound (D:3)
  5 adders
  An ooze (D:2)
  4 worms
  2 dart slugs
  3 leopard geckos
  5 orcs (D:3)
  7 giant cockroaches
  4 goblins
  8 hobgoblins
  5 jackals
  8 kobolds
  A quokka (D:3)
  2 ball pythons
  8 bats
  4 frilled lizards (D:2)
  3 rats
73 creatures vanquished.

Notes
Turn   | Place    | Note
-------+----------+-------------------------------------------
     0 | D:1      | Descartes the Formicid Fighter began the quest for the Orb.
     0 | D:1      | Reached XP level 1. HP: 18/18 MP: 1/1
   174 | D:1      | Reached skill level 4 in Shields
   228 | D:1      | Reached XP level 2. HP: 24/24 MP: 2/2
   695 | D:2      | Reached skill level 5 in Shields
   695 | D:2      | Reached XP level 3. HP: 14/29 MP: 3/3
  1042 | D:2      | Reached XP level 4. HP: 35/35 MP: 4/4
  1317 | D:2      | Reached skill level 6 in Shields
  1705 | D:2      | Found a white marble altar of Elyvilon.
  1958 | D:3      | Reached XP level 5. HP: 34/41 MP: 5/5
  2126 | D:3      | Reached skill level 7 in Shields
  2163 | D:3      | Learned a level 3 spell: Inner Flame
  2697 | D:4      | Found Lopridua's Antique Armour Boutique.
  2721 | D:3      | Reached skill level 1 in Hexes
  2721 | D:3      | Reached skill level 1 in Fire Magic
  2721 | D:3      | Reached XP level 6. HP: 27/47 MP: 5/7
  2731 | D:3      | Reached skill level 1 in Spellcasting
  2732 | D:3      | Gained mutation: Potions are less effective at restoring
                  | your health. [potion of mutation]
  2732 | D:3      | Gained mutation: Your magical capacity is low. (-10% MP)
                  | [potion of mutation]
  2732 | D:3      | Gained mutation: You are resistant to electric shocks.
                  | (rElec) [potion of mutation]
  2732 | D:3      | Gained mutation: Your muscles are strong. (Str +2) [potion
                  | of mutation]
  2732 | D:3      | HP: 1/47 [poisoned by a killer bee]
  2739 | D:3      | HP: 2/47 [poisoned by a killer bee]
  2741 | D:3      | Succumbed to a killer bee's poison

Illustrated notes

Levels and vault maps discovered:
D:1:      amcnicky_arrival_double_pillar, layout_loops_ring
D:2:      layout_basic, general_overflow_altar, st_stairs_11,
          kennysheep_minor_cross
D:3:      minmay_diamond_boxcup, layout_basic, minivault_19,
          chequers_serial_rivers_large_b
D:4:      layout_loops_ring, serial_shops,
          nicolae_shop_temple_entry_statues_fountains,
          small_statue_intersection, kennysheep_dice, uniq_grinder

Skill      XL: |  1  2  3  4  5  6 |
---------------+-------------------+-----
Shields        | 4 5 6 7 |  7.3
Hexes          | 1 |  1.5
Fire Magic     | 1 |  1.3
Spellcasting   | 1 |  1.2
Fighting       | |  3.2
Long Blades    | |  2.0
Armour         | |  3.2

Action                   |  1- 3 |  4- 6 || total
-------------------------+-------+-------++-------
Melee: Long sword        |    66 |   144 ||   210
       Hand axe          |       |    52 ||    52
  Use: Scroll            |       |     3 ||     3
       Potion            |       |     4 ||     4
Armor: Scale mail        |    24 |    67 ||    91
       Chain mail        |       |    43 ||    43
Dodge: Dodged            |    19 |    92 ||   111
Block: Kite shield       |    45 |   146 ||   191
       Rpst.: Long sword |     4 |    22 ||    26
